 Dungeon Crawl Stone Soup version 0.29.0-13-gc9e81de378 (webtiles) character file.

Game seed: 14551279371703289572

41 Artool the Ducker (level 3, 0/28 HPs)
             Began as a Demonspawn Gladiator on Sept 6, 2022.
             Slain by an iguana (9 damage)
             ... on level 3 of the Dungeon.
             The game lasted 00:04:29 (1705 turns).

Artool the Ducker (Demonspawn Gladiator)            Turns: 1705, Time: 00:04:30

Health: 0/28       AC:  7    Str: 16    XL:     3   Next: 32%
Magic:  3/3        EV: 12    Int:  9    God:
Gold:   156        SH:  0    Dex: 14    Spells: 2/2 levels left

rFire   . . .      SeeInvis .   q - +0 whip
rCold   . . .      Faith    .   f - orb {*Rage}
rNeg    . . .      Spirit   .   b - +0 leather armour
rPois   .          Reflect  .   c - +0 helmet
rElec   .          Harm     .   (no cloak)
rCorr   .          Rampage  .   (no gloves)
Will    .....      Rage     20% i - +2 pair of boots
Stlth   +.........              (no amulet)
HPRegen 0.09/turn               (no ring)
MPRegen 0.16/turn               (no ring)

@: no status effects
A: magic regeneration
a: no special abilities


You were on level 3 of the Dungeon.
You visited 1 branch of the dungeon, and saw 3 of its levels.

You collected 156 gold pieces.

Inventory:

Hand Weapons
 a - a +0 flail
 q - a +0 whip (weapon)
Missiles
 d - 3 throwing nets (quivered)
 e - a javelin
Armour
 b - a +0 leather armour (worn)
 c - a +0 helmet (worn)
 f - an orb of wrath (worn)
 i - a +2 pair of boots (worn)
Magical Staves
 l - a staff of earth
Scrolls
 g - a scroll of identify {unknown}
 h - 2 scrolls of enchant armour {unknown}
 j - 2 scrolls of vulnerability {unknown}
 k - a scroll of teleportation {unknown}
 m - a scroll of magic mapping {unknown}
 n - a scroll of immolation {unknown}
 o - a scroll of noise {unknown}
Potions
 p - a potion of mutation {unknown}


   Skills:
 + Level 2.5 Fighting
 + Level 3.0 Maces & Flails
 - Level 1.7 Throwing
 + Level 1.1 Armour
 + Level 3.1 Dodging


You had 2 spell levels left.
You didn't know any spells.
Your spell library contained the following spells:

 Spells                   Type           Power      Damage    Failure   Level
 Blink                    Tloc           0%         N/A       58%         2
 Manifold Assault         Tloc           0%         N/A       100%        5
 Storm Form               Tmut/Air       0%         N/A       100%        7


Dungeon Overview and Level Annotations

Branches:
Dungeon (3/15)

Altars:


Innate Abilities, Weirdness & Mutations

You regenerate magic rapidly.


Message History

There is an escape hatch in the floor here.
There is a stone staircase leading down here.
You now have 156 gold pieces (gained 15).
Found a stone staircase leading up.
There is a stone staircase leading down here.
Found a dagger.
Done exploring.
Done exploring.
There is a stone staircase leading down here.
You climb downwards.
Found a viscous puce potion and 3 scrolls labelled TOFUKUE PYPS.
There is a stone staircase leading up here.
An iguana comes into view.
The iguana hisses angrily.
The iguana bites you.
You barely miss the iguana. You closely miss the iguana.
The iguana hisses menacingly.
The iguana bites you!
You barely miss the iguana. The iguana closely misses you.
You hit the iguana.
The iguana is moderately wounded.
The iguana bites you!
* * * LOW HITPOINT WARNING * * *
You are too injured to fight recklessly!
You are too injured to fight recklessly!
You are too injured to fight recklessly!
You hit the iguana but do no damage.
The iguana is moderately wounded.
The iguana barely misses you.
You hit the iguana.
The iguana is heavily wounded.
The iguana bites you but does no damage.
You closely miss the iguana.
The iguana is heavily wounded.
The iguana bites you but does no damage.
You closely miss the iguana.
The iguana is heavily wounded.
The iguana bites you!
You die...

. #........ .
#......#. #.
#........ #
#.##......#.
#.#..#........
..........#.
#.#l.......
#..@.......
##..##.####
###..#.##
#<......#
#.....#!....
........#.####
..........# #
...........#
...........#


You could see an iguana.

Vanquished Creatures
  A worm (D:2)
  2 dart slugs
  3 bats (D:1)
  3 endoplasms
  3 giant cockroaches
  3 goblins
  2 hobgoblins (D:1)
  3 quokkas
  4 ball pythons
  3 frilled lizards
  A kobold (D:1)
  5 rats
33 creatures vanquished.

Notes
Turn   | Place    | Note
-------+----------+-------------------------------------------
     0 | D:1      | Artool the Demonspawn Gladiator began the quest for the
                  | Orb.
     0 | D:1      | Reached XP level 1. HP: 16/16 MP: 1/1
   165 | D:1      | Found a faded altar of an unknown god.
   383 | D:1      | Gained mutation: You regenerate magic rapidly. [demonic
                  | ancestry]
   383 | D:1      | Reached XP level 2. HP: 21/22 MP: 2/2
  1050 | D:2      | Reached skill level 1 in Armour
  1128 | D:2      | Reached XP level 3. HP: 28/28 MP: 3/3
  1705 | D:3      | Slain by an iguana

Illustrated notes

Levels and vault maps discovered:
D:1:      ncdulo_halloftheorcs, layout_basic, basic_ecumenical_altar,
          minmay_misc_feat_five
D:2:      layout_basic, wander_ebering_terrifying_dragon_lair
D:3:      layout_basic, nicolae_tso_carved_into_rock, glass_columns_c,
          hangedman_decor_diamond_cutter, minmay_quadrilaterals

Skill      XL: |  1  2 |
---------------+-------+-----
Dodging        | 3 |  3.1
Maces & Flails | 3 |  3.0
Armour         | 1 |  1.1
Fighting       | |  2.5
Throwing       | |  1.7

Action                   || total
-------------------------++-------
Melee: Flail             ||    71
       Whip              ||     8
Armor: Leather armour    ||    22
Dodge: Dodged            ||    50
